 Dungeon Crawl Stone Soup version 0.21.1-1-g345015f (webtiles) character file.

94 wilfster70 the Sneak (level 4, 0/48 HPs)
             Began as a Gnoll Enchanter on June 12, 2018.
             Slain by an orc wizard
             ... wielding a +1 dagger of electrocution
              (1 damage)
             ... on level 4 of the Dungeon.
             The game lasted 00:06:13 (1459 turns).

wilfster70 the Sneak (Gnoll Enchanter)              Turns: 1459, Time: 00:06:14

Health: 0/48       AC: 22    Str: 12    XL:     4   Next: 63%
Magic:  2/11       EV:  2    Int: 17    God:
Gold:   75         SH:  0    Dex: 15    Spells: 10/13 levels left

rFire    . . .     SeeInvis .   a - +2 dagger (speed)
rCold    . . .     Gourm    .   (no shield)
rNeg     + + +     Faith    .   (armour currently unavailable)
rPois    +         Spirit   .   (helmet currently unavailable)
rElec    .         Reflect  .   (cloak currently unavailable)
rCorr    .         Harm     .   (gloves currently unavailable)
MR       .....     NoTele   +   (boots currently unavailable)
Stlth    +++.......             (no amulet)
HPRegen  0.16/turn              (no ring)
MPRegen  0.12/turn              (no ring)

@: tree-form
A: distributed training, strong nose
a: no special abilities


You were on level 4 of the Dungeon.
You were not hungry.
You were a tree.
You visited 1 branch of the dungeon, and saw 4 of its levels.

You collected 75 gold pieces.

Inventory:

Hand Weapons
 a - a +2 dagger of speed (weapon)
 b - a +0 hunting sling
 p - a +0 spear
Missiles
 h - 14 sling bullets
 l - 35 stones (quivered)
Armour
 j - a +0 robe (melded)
 q - a +1 helmet (melded)
Scrolls
 f - a scroll of immolation
 k - a scroll of amnesia {unknown}
 r - a scroll of fear {unknown}
Potions
 g - a potion of degeneration {unknown}
 i - a potion of lignification
 n - a potion of brilliance {unknown}
 o - a potion of might {unknown}
Books
 c - a book of Maledictions

   Spells                             Type                      Level
   a - Corona                         Hexes                        1
   b - Ensorcelled Hibernation        Hexes/Ice                    2
   c - Confuse                        Hexes                        3
   d - Tukima's Dance                 Hexes                        3
   e - Dazzling Spray                 Conjuration/Hexes            3
Comestibles
 d - 6 rations


   Skills:
 + Level 1.2 Fighting
 + Level 2.8 Short Blades
 + Level 1.2 Long Blades
 + Level 1.2 Axes
 + Level 1.2 Maces & Flails
 + Level 1.2 Polearms
 + Level 1.2 Staves
 + Level 1.2 Slings
 + Level 1.2 Bows
 + Level 1.2 Crossbows
 + Level 1.2 Throwing
 + Level 1.2 Armour
 + Level 4.6 Dodging
 + Level 6.0 Stealth
 + Level 1.2 Shields
 + Level 1.2 Unarmed Combat
 + Level 5.1 Spellcasting
 + Level 1.0 Conjurations
 + Level 5.5 Hexes
 + Level 1.0 Charms
 + Level 1.0 Summonings
 + Level 1.0 Necromancy
 + Level 1.0 Translocations
 + Level 1.0 Transmutations
 + Level 1.0 Fire Magic
 + Level 1.0 Ice Magic
 + Level 1.0 Air Magic
 + Level 1.0 Earth Magic
 + Level 1.0 Poison Magic
 + Level 1.3 Invocations
 + Level 1.2 Evocations


You had 10 spell levels left.
You knew the following spells:

 Your Spells              Type           Power        Failure   Level  Hunger
a - Corona                Hex            ###....      1%          1    None
b - Ensorcelled Hibernat  Hex/Ice        ###...       5%          2    #......


Dungeon Overview and Level Annotations

Branches:
Dungeon (4/15)
 Temple: D:4-7

Altars:

Annotations:
D:3 inc's ghost, amateur OpCj


Innate Abilities, Weirdness & Mutations

Your experience applies equally to all skills.
((You have very sharp teeth.))
Your uncanny sense of smell can sniff out nearby items.


Message History

You resist with some effort.
You hit the orc wizard.
The orc wizard is severely wounded.
The orc wizard hits you with a dagger of electrocution.
* * * LOW HITPOINT WARNING * * *
You barely miss the orc wizard.
The orc wizard is severely wounded.
The orc wizard casts a spell at you. The magic dart hits you!
* * * LOW HITPOINT WARNING * * *
It was a potion of lignification.
You turn into a tree.
Your +1 helmet melds into your body.
Your +0 robe melds into your body.
Your roots penetrate the ground.
The orc wizard hits you but does no damage.
You hit the orc wizard but do no damage.
The orc wizard is severely wounded.
You hit the orc wizard.
The orc wizard is severely wounded.
The orc wizard hits you with a dagger of electrocution.
You die...

#...........+
......
#...........#
....
####.#####.##
.... #.# #<#
..> #.#####.#
#..
#.#.....#####.#
#...........#.#
###.#########)#
#.#......♣oo#
#.....#######
####### ∆ ∆∆∆ ∆


You could see an orc wizard and an orc.

Vanquished Creatures
  An orc wizard (D:4)
  A worker ant (D:4)
  Robin (D:2)
  An adder (D:3)
  A leopard gecko (D:1)
  An orc (D:4)
  A giant cockroach (D:1)
  2 hobgoblins
  2 ball pythons
  6 bats (D:1)
  5 goblins (D:2)
  A kobold (D:1)
  4 rats
27 creatures vanquished.

Notes
Turn   | Place    | Note
-------+----------+-------------------------------------------
     0 | D:1      | wilfster70 the Gnoll Enchanter began the quest for the Orb.
     0 | D:1      | Reached XP level 1. HP: 13/13 MP: 6/6
   349 | D:1      | Reached XP level 2. HP: 18/19 MP: 7/7
   353 | D:1      | Learned a level 2 spell: Ensorcelled Hibernation
   862 | D:2      | Noticed Robin
   968 | D:2      | Killed Robin
   968 | D:2      | Reached skill level 5 in Spellcasting
   968 | D:2      | Reached XP level 3. HP: 21/25 MP: 3/9
  1230 | D:2      | You fall through a shaft!
  1230 | D:3      | Noticed inc's ghost (amateur OpCj)
  1275 | D:3      | Reached skill level 6 in Stealth
  1275 | D:3      | Reached skill level 1 in Invocations
  1355 | D:4      | Reached skill level 1 in Fighting
  1355 | D:4      | Reached skill level 1 in Long Blades
  1355 | D:4      | Reached skill level 1 in Axes
  1355 | D:4      | Reached skill level 1 in Maces & Flails
  1355 | D:4      | Reached skill level 1 in Polearms
  1355 | D:4      | Reached skill level 1 in Staves
  1355 | D:4      | Reached skill level 1 in Slings
  1355 | D:4      | Reached skill level 1 in Bows
  1355 | D:4      | Reached skill level 1 in Crossbows
  1355 | D:4      | Reached skill level 1 in Throwing
  1355 | D:4      | Reached skill level 1 in Armour
  1355 | D:4      | Reached skill level 1 in Shields
  1355 | D:4      | Reached skill level 1 in Unarmed Combat
  1355 | D:4      | Reached skill level 1 in Evocations
  1355 | D:4      | Reached XP level 4. HP: 32/32 MP: 9/11
  1447 | D:4      | Reached skill level 1 in Conjurations
  1447 | D:4      | Reached skill level 1 in Charms
  1447 | D:4      | Reached skill level 1 in Summonings
  1447 | D:4      | Reached skill level 1 in Necromancy
  1447 | D:4      | Reached skill level 1 in Translocations
  1447 | D:4      | Reached skill level 1 in Transmutations
  1447 | D:4      | Reached skill level 1 in Fire Magic
  1447 | D:4      | Reached skill level 1 in Ice Magic
  1447 | D:4      | Reached skill level 1 in Air Magic
  1447 | D:4      | Reached skill level 1 in Earth Magic
  1447 | D:4      | Reached skill level 1 in Poison Magic
  1456 | D:4      | HP: 1/32 [orc wizard/magic dart (3)]
  1459 | D:4      | Slain by an orc wizard

Skill      XL: |  1  2  3  4 |
---------------+-------------+-----
Spellcasting   | 5 |  5.1
Stealth        | 6 |  6.0
Invocations    | 1 |  1.3
Fighting       | 1 |  1.2
Long Blades    | 1 |  1.2
Axes           | 1 |  1.2
Maces & Flails | 1 |  1.2
Polearms       | 1 |  1.2
Staves         | 1 |  1.2
Slings         | 1 |  1.2
Bows           | 1 |  1.2
Crossbows      | 1 |  1.2
Throwing       | 1 |  1.2
Armour         | 1 |  1.2
Shields        | 1 |  1.2
Unarmed Combat | 1 |  1.2
Evocations     | 1 |  1.2
Conjurations   | 1 |  1.0
Charms         | 1 |  1.0
Summonings     | 1 |  1.0
Necromancy     | 1 |  1.0
Translocations | 1 |  1.0
Transmutations | 1 |  1.0
Fire Magic     | 1 |  1.0
Ice Magic      | 1 |  1.0
Air Magic      | 1 |  1.0
Earth Magic    | 1 |  1.0
Poison Magic   | 1 |  1.0
Short Blades   | |  2.8
Dodging        | |  4.6
Hexes          | |  5.5

Action                   |  1- 3 |  4- 6 || total
-------------------------+-------+-------++-------
Melee: Dagger            |    47 |    54 ||   101
       Bite              |     1 |     5 ||     6
 Cast: Ensorcelled Hiber |    10 |     8 ||    18
  Use: Scroll            |     2 |       ||     2
       Potion            |       |     3 ||     3
 Stab: Sleeping          |    14 |       ||    14
  Eat: Chunk             |     1 |     1 ||     2
Armor: Robe              |    10 |    15 ||    25
       Skin              |       |     1 ||     1
Dodge: Dodged            |    19 |    16 ||    35
